 Dungeon Crawl Stone Soup version 0.31-a0-1134-gb247575874 (webtiles) character file.

Game seed: 3372262569784480502

130683 Dirtsage the Earth Mage (level 17, 0/107 HPs)
             Began as a Gargoyle Earth Elementalist on Dec 5, 2023.
             Was a High Priest of Vehumet.
             Killed from afar by a salamander tyrant (32 damage)
             ... on level 2 of the Snake Pit.
             The game lasted 02:03:20 (28880 turns).

Dirtsage the Earth Mage (GrEE)                     Turns: 28880, Time: 02:03:21

Health: 0/107      AC: 22    Str: 15    XL:     17   Next: 8%
Magic:  8/31       EV: 16    Int: 21    God:    Vehumet [*****.]
Gold:   1482       SH:  7    Dex: 14    Spells: 1/37 levels left

rFire   + + +        G - staff of fire
rCold   + . .        V - +1 buckler {rC+}
rNeg    + . .        D - +0 robe of the Slorg {Drain Fly rF++ Int-2}
rPois   ∞            m - +2 hat "Booruffo" {Str+2 Dex+4}
rElec   +            o - +2 cloak {rPois}
rCorr   .            j - +0 pair of gloves
SInv    .            (no boots)
Will    +....        R - amulet of magic regeneration
Stlth   ++++         W - ring of wizardry
HPRegen 0.37/turn    r - +5 ring of evasion
MPRegen 0.62/turn

%: wizardry (x1)
@: brilliant, weakened, flying, studying Ice Magic
A: sickness immunity, AC +12, big wings, negative energy resistance 1,
electricity resistance, torment resistance 1, petrification resistance
a: Renounce Religion


You were on level 2 of the Snake Pit.
You worshipped Vehumet.
Vehumet was extremely pleased with you.
You visited 5 branches of the dungeon, and saw 24 of its levels.
You also visited: Gauntlet, Ice Cave and Volcano.

You collected 2799 gold pieces.
You spent 1317 gold pieces at shops.

Inventory:

Missiles
 w - 5 curare-tipped darts
Armour
 e - a +4 chain mail of fire resistance
 j - a +0 pair of gloves (worn)
 m - the +2 hat "Booruffo" (worn) {Str+2 Dex+4}
   (You found it in a Gauntlet)

   Str+2:     It affects your strength (+2).
   Dex+4:     It affects your dexterity (+4).
 o - a +2 cloak of poison resistance (worn)
 p - a +2 chain mail of cold resistance
 D - the +0 robe of the Slorg (worn) {Drain Fly rF++ Int-2}
   (You bought it in a shop on level 2 of the Orcish Mines)

   Int-2:     It affects your intelligence (-2).
   rF++:      It greatly protects you from fire.
   Fly:       It grants you flight.
   Drain:     It drains your maximum health when unequipped.
 H - a +0 kite shield of reflection
 U - a +1 kite shield of cold resistance
 V - a +1 buckler of cold resistance (worn)
Magical Staves
 G - a staff of fire (weapon)
Jewellery
 c - a ring of willpower
 r - a +5 ring of evasion (right hand)
 L - a +6 ring of intelligence
 R - an amulet of magic regeneration (around neck)
 S - the ring "Deghagei" {rElec Str+6 Int+4 Dex-3}
   (You found it in an ice cave)

   [ring of strength]

   Str+6:     It affects your strength (+6).
   Int+4:     It affects your intelligence (+4).
   Dex-3:     It affects your dexterity (-3).
   rElec:     It insulates you from electricity.
 W - a ring of wizardry (left hand)
Wands
 f - a wand of charming (13)
 y - a wand of roots (19)
 C - a wand of light (4)
 I - a wand of polymorph (22)
Scrolls
 g - 9 scrolls of fear
 i - 5 scrolls of identify
 k - 9 scrolls of fog
 t - 8 scrolls of teleportation
 v - 7 scrolls of enchant armour
 z - 2 scrolls of silence
 A - 4 scrolls of amnesia
 B - 6 scrolls of blinking
 F - 5 scrolls of noise
 K - 3 scrolls of torment
 N - 3 scrolls of poison
 O - a scroll of immolation
 P - 2 scrolls of summoning
 T - 4 scrolls of vulnerability
Potions
 a - 5 potions of attraction
 d - 5 potions of might
 h - 6 potions of haste
 l - 7 potions of heal wounds
 n - 6 potions of resistance
 q - 3 potions of curing
 s - 2 potions of enlightenment
 x - 3 potions of mutation
 J - 3 potions of brilliance
 M - 4 potions of lignification
 X - 2 potions of berserk rage
 Y - 5 potions of cancellation
 Z - a potion of ambrosia
Miscellaneous
 b - a lightning rod (4/4)
 u - a tin of tremorstones (2/2)
 E - a phial of floods (inert)


   Skills:
 - Level 12.3 Fighting
 - Level 7.2 Armour
 - Level 1.5 Dodging
 - Level 7.9 Stealth
 - Level 7.0 Shields
 - Level 10.6 Spellcasting
 - Level 11.9 Conjurations
 - Level 0.7 Transmutations
 + Level 14.6 Fire Magic
 - Level 3.3 Air Magic
 + Level 15.7 Earth Magic
 - Level 7.7 Poison Magic


You had one spell level left.
You knew the following spells:

 Your Spells              Type           Power      Damage    Failure   Level
a - Sandblast             Erth           100%       2d20      0%          1
b - Olgreb's Toxic Radia  Pois           60%        N/A       1%          4
c - Ignite Poison         Fire/Tmut/Pois 78%        N/A       1%          3
d - Mephitic Cloud        Conj/Pois/Air  60%        N/A       1%          3
e - Iskenderun's Mystic   Conj/Tloc      53%        2d11      1%          4
f - Fireball              Conj/Fire      50%        3d20      1%          5
g - Ignition              Fire           52%        3d14      12%         8
x - Stone Arrow           Conj/Erth      100%       3d13      1%          3
z - Lee's Rapid Deconstr  Erth           43%        3d21*     1%          5

Your spell library contained the following spells:

 Spells                   Type           Power      Damage    Failure   Level
 Conjure Ball Lightning   Conj/Air       30%        3x3d10    5%          6
 Summon Small Mammal      Summ           64%        N/A       3%          1
 Scorch                   Fire           100%       2d9       0%          2
 Passwall                 Tmut/Erth      51%        N/A       1%          2
 Inner Flame              Hex/Fire       76%        N/A       1%          3
 Animate Armour           Summ/Erth      100%       N/A       1%          4
 Brom's Barrelling Bould  Conj/Erth      81%        2d9       1%          4
 Flame Wave               Conj/Fire      100%       2d21      1%          4
 Leda's Liquefaction      Hex/Erth       30%        N/A       1%          4
 Petrify                  Tmut/Erth      62%        N/A       1%          4
 Sticky Flame             Conj/Fire      100%       2d11      1%          4
 Bombard                  Conj/Erth      40%        9d7       1%          6
 Swiftness                Air            37%        N/A       2%          3
 Ensorcelled Hibernation  Hex/Ice        32%        N/A       4%          2
 Call Canine Familiar     Summ           16%        N/A       10%         3
 Gell's Gravitas          Tloc           16%        N/A       10%         3
 Summon Guardian Golem    Hex/Summ       16%        N/A       10%         3
 Teleport Other           Tloc           16%        N/A       10%         3
 Lehudib's Crystal Spear  Conj/Erth      40%        10d10     16%         8
 Yara's Violent Unravell  Hex/Tmut       9%         3d6       17%         5
 Cause Fear               Hex            8%         N/A       30%         4
 Passage of Golubria      Tloc           16%        N/A       30%         4
 Silence                  Hex/Air        13%        N/A       38%         5
 Dispersal                Tloc           8%         N/A       99%         6
 Summon Cactus Giant      Summ           8%         N/A       99%         6
 Enfeeble                 Hex            8%         N/A       100%        7
 Discord                  Hex            8%         N/A       100%        8
 Dragon's Call            Summ           8%         N/A       100%        9


Dungeon Overview and Level Annotations

Branches:
Dungeon (14/15)            Temple (1/1) D:5            Lair (5/5) D:9
  Swamp (0/4) Lair:2        Snake (2/4) Lair:3        Slime (0/5) Lair:4
    Orc (2/2) D:11            Elf (0/3) Orc:2        Vaults (0/5) D:14
  IceCv (visited)         Volcano (visited)         Gauntlet (visited)

Altars:
Ashenzari
Cheibriados
Dithmenos
Elyvilon
Fedhas
Gozag
Hepliaklqana
Kikubaaqudgha
Makhleb
Nemelex Xobeh
Okawaru
Qazlal
Ru
Sif Muna
Trog
Uskayaw
Vehumet
Wu Jian
Xom
Yredelemnul
Zin
Jiyva

Shops:
D:2 =:   D:3 (   D:8 ?   Orc:2 :*?*   Snake:2 ?

Annotations:
D:4 1 runed translucent door, Crazy Yiuf
D:5 3 runed translucent doors, Crownlay's ghost, novice MiFi
D:8 6 transporters
D:11 4 transporters, Kirke
Lair:4 1 runed translucent door
Orc:1 2 runed translucent doors, exclusion: orange crystal statue


Innate Abilities, Weirdness & Mutations

You are immune to sickness and miasma.
Your stone body is resilient. (AC +12)
You are immune to poison.
Your large and strong wings let you fly.
You resist negative energy. (rN+)
You are resistant to electric shocks. (rElec)
You are resistant to unholy torment.
You are immune to petrification.


Message History

The naga sharpshooter gestures wildly while chanting.
The naga sharpshooter magically shoots an arrow.
The arrow hits you!!
You take 19 damage, and have 66/107 hp.
You now have 5/31 mp.
Casting: Stone Arrow (safe; 1% risk of failure)
Confirm with . or Enter, or press ? or * to list all spells.
Aiming: Stone Arrow (safe; 1% risk of failure)
Press: ? - help, Shift-Dir - straight line, f/p - salamander mystic
Aim: a salamander mystic, wielding a +0 quarterstaff and wearing a +0 robe (almost dead, 87% to hit)
You feel a surge of power!
The stone arrow hits the salamander mystic!
You kill the salamander mystic!
Vehumet accepts your kill.
You feel your power returning.
The naga sharpshooter casts a spell.
The naga sharpshooter magically shoots an arrow.
The arrow hits you.
The salamander tyrant gazes fiercely through you!
You feel as though you will be weak longer.
You take 4 damage, and have 62/107 hp.
You regained 3 mp, and now have 8/31 mp.
Casting: Stone Arrow (safe; 1% risk of failure)
Confirm with . or Enter, or press ? or * to list all spells.
Aiming: Lee's Rapid Deconstruction (safe; 1% risk of failure)
Press: ? - help, Dir - move target A rock wall.
You feel a surge of power!
The wall shatters!
The blast of rock fragments hits the naga sharpshooter!
You kill the naga sharpshooter!
Vehumet accepts your kill.
You feel your power returning.
The blast of rock fragments hits the salamander tyrant!!
The salamander tyrant is moderately wounded.
The salamander tyrant rends the earth beneath you!
The blast of magma engulfs you!! You partially resist.
* * * LOW HITPOINT WARNING * * *
You take 30 damage, and have 32/107 hp.
MASSIVE DAMAGE!!
You now have 7/31 mp.
The salamander tyrant rends the earth beneath you!
The blast of magma engulfs you!! You partially resist.
You die...

###################
#.@[[.....[.)).....
#≈################# #)# #
.# #N# # #.####.# #)# ..
#.#..#.#. #N#
#..#.#..#.#.
.......N...N.............
#######.#...... #....#.#
#.######.####....#


You could see a salamander tyrant and 2 salamanders.

Vanquished Creatures
  Jorgrun (Snake:2)
  Rupert (D:12)
  Frances (Snake:1)
  Donald (Snake:1)
  A storm dragon (D:13)
  Aizul (Snake:1)
  2 nagarajas (Snake:2)
  A fire giant (D:13)
  Louise (Snake:2)
  A cacodemon (Gauntlet)
  A vampire knight (D:13)
  A stone giant (Volcano)
  A minotaur (Gauntlet)
  Nessos (D:14)
  Snorg (D:11)
  Fannar (D:12)
  8 vault guards (D:14)
  Erolcha (D:13)
  4 hydras
  2 ogre magi
  2 catoblepae
  3 anacondas
  5 centaur warriors
  5 boulder beetles
  5 two-headed ogres
  4 tengu warriors
  A deep troll shaman (Lair:5)
  5 naga warriors
  3 shock serpents
  7 death yaks (Lair:5)
  4 orc high priests
  A death scarab (Gauntlet)
  A deep troll earth mage (D:13)
  2 naga sharpshooters
  Sonja (D:13)
  A skyshark (Lair:5)
  A spectral death yak (Gauntlet)
  A salamander mystic (Snake:2)
  Lodul (D:13)
  2 naga ritualists
  A goliath frog (Lair:2)
  2 bog bodies (IceCv)
  A lindwurm (Lair:5)
  4 mana vipers
  2 deep elf pyromancers (D:14)
  6 orc knights
  2 orc sorcerers (Orc:2)
  6 cyclopes
  12 ugly things
  Maurice (D:10)
  6 salamanders
  An oklob plant (Lair:5)
  5 kobold blastminers
  18 elephants
  An ice statue (IceCv)
  3 manticores
  A guardian serpent (Snake:2)
  A gargoyle (D:11)
  8 naga magi
  12 black mambas
  3 efreet
  9 cane toads
  4 komodo dragons
  An unseen horror (D:13)
  A kobold demonologist (D:10)
  8 rime drakes
  A tengu conjurer (D:13)
  2 anaconda simulacra (IceCv)
  7 polar bears
  9 trolls
  A hornet (D:8)
  12 blink frogs
  3 wyverns
  A spriggan (Lair:5)
  Sigmund (D:4)
  A dire elephant simulacrum (IceCv)
  A vampire (D:11)
  2 wraiths
  11 slime creatures
  3 hogs (D:12)
  39 yaks
  3 basilisks
  3 fire elementals (Volcano)
  Grum (D:9)
  3 fire bats (Orc:1)
  A steam dragon (D:8)
  A basilisk (shapeshifter) (D:14)
  3 death yak simulacra (IceCv)
  6 vampire mosquitoes
  2 wargs (Orc:1)
  Edmund (D:4)
  4 small abominations (Gauntlet)
  A harpy simulacrum (IceCv)
  2 acid dragons
  19 nagas
  A hydra simulacrum (IceCv)
  21 water moccasins
  12 black bears
  An ice beast (D:6)
  23 orc warriors
  11 ogres
  17 wolves
  10 centaurs
  A phantom (D:4)
  7 kobold brigands
  11 bullfrogs
  2 earth elementals (Volcano)
  5 two-headed ogre simulacra (IceCv)
  2 cane toad simulacra (IceCv)
  A gnoll sergeant (D:5)
  3 scorpions (D:6)
  3 wights (D:8)
  7 killer bees (D:10)
  An elephant simulacrum (IceCv)
  7 electric eels
  5 howler monkeys
  7 hounds
  A gnoll bouda (D:7)
  13 orc priests
  A sleepcap (D:7)
  Natasha (thrice) (D:4)
  An iguana (D:5)
  23 orc wizards
  A hell rat (Lair:1)
  2 polar bear simulacra (IceCv)
  3 troll simulacra (IceCv)
  11 spriggan simulacra (IceCv)
  3 wolf simulacra (IceCv)
  Robin (D:4)
  8 gnolls
  5 adders
  4 naga simulacra (IceCv)
  2 shadow imps (D:6)
  4 white imps
  11 ufetubi
  4 worms (D:2)
  A dart slug (D:3)
  68 orcs
  6 bats
  6 endoplasms
  3 giant cockroaches
  A giant cockroach (shapeshifter) (D:14)
  18 goblins
  6 hobgoblins
  7 jackals
  22 kobolds
  4 quokkas
  9 ball pythons
  2 frilled lizards (D:1)
  A rat (D:2)
  2 butterflies
765 creatures vanquished.

Vanquished Creatures (others)
  A wolf (D:9)
  An orc priest (Orc:2)
  An orc wizard (Orc:2)
3 creatures vanquished.

Grand Total: 768 creatures vanquished

Notes
Turn   | Place    | Note
-------+----------+-------------------------------------------
     0 | D:1      | Dirtsage the Gargoyle Earth Elementalist began the quest
                  | for the Orb.
     0 | D:1      | Reached XP level 1. HP: 10/10 MP: 3/3
   189 | D:1      | Reached XP level 2. HP: 5/16 MP: 1/5
   300 | D:1      | Reached skill level 4 in Earth Magic
   824 | D:1      | Reached skill level 1 in Conjurations
   832 | D:1      | Reached skill level 1 in Fighting
   984 | D:2      | Reached XP level 3. HP: 20/20 MP: 4/6
  1399 | D:2      | Learned a level 3 spell: Stone Arrow
  1451 | D:2      | Found Sapriv's Jewellery Emporium.
  1484 | D:2      | Reached XP level 4. HP: 23/25 MP: 7/7
  1510 | D:2      | Found Laidghups's Book Boutique.
  1928 | D:3      | Found Atot's Weapon Boutique.
  2142 | D:3      | Found a faded altar of an unknown god.
  2242 | D:3      | Found a shimmering altar of Xom.
  2334 | D:3      | Reached skill level 5 in Earth Magic
  2655 | D:4      | Noticed a phantom
  2661 | D:4      | Killed a phantom
  2662 | D:4      | Reached XP level 5. HP: 21/30 MP: 1/9
  2739 | D:4      | Noticed Edmund
  2758 | D:4      | Killed Edmund
  2759 | D:4      | Reached skill level 6 in Earth Magic
  2759 | D:4      | Reached XP level 6. HP: 21/36 MP: 0/10
  2959 | D:4      | Noticed Natasha
  2966 | D:4      | Killed Natasha
  3051 | D:4      | Noticed Natasha
  3057 | D:4      | Killed Natasha
  3058 | D:4      | Reached XP level 7. HP: 41/41 MP: 9/12
  3103 | D:4      | Found a runed translucent door.
  3104 | D:4      | Noticed Crazy Yiuf
  3128 | D:4      | Noticed Natasha
  3132 | D:4      | Killed Natasha
  3414 | D:4      | Noticed Robin
  3418 | D:4      | Killed Robin
  3779 | D:4      | Noticed Sigmund
  3784 | D:4      | Killed Sigmund
  3785 | D:4      | Reached skill level 7 in Earth Magic
  3908 | D:5      | Entered Level 5 of the Dungeon
  4124 | D:5      | Found a runed translucent gate.
  4135 | D:5      | Reached XP level 8. HP: 42/48 MP: 14/14
  4156 | D:5      | Found a runed translucent gate.
  4157 | D:5      | Found a runed translucent gate.
  4158 | D:5      | Found an opulent altar of Gozag.
  4159 | D:5      | Noticed Crownlay's ghost (novice MiFi)
  4159 | D:5      | Noticed a yak
  4372 | D:5      | Found a staircase to the Ecumenical Temple.
  4381 | Temple   | Entered the Ecumenical Temple
  4391 | Temple   | Became a worshipper of Vehumet
  4872 | D:6      | Reached skill level 8 in Earth Magic
  5641 | D:6      | Identified the +6 flail of Dung {spect, *Corrode Fly Dex+3}
  5654 | D:6      | Reached skill level 5 in Fighting
  5654 | D:6      | Reached skill level 5 in Conjurations
  5826 | D:6      | Reached skill level 9 in Earth Magic
  6184 | D:7      | Reached XP level 9. HP: 47/54 MP: 16/16
  6255 | D:7      | Reached skill level 5 in Spellcasting
  7085 | D:8      | Found Isil's Magic Scroll Shoppe.
  7103 | D:8      | Found a stormy altar of Qazlal.
  7103 | D:8      | Found a bloodstained altar of Trog.
  7135 | D:8      | Found a transporter.
  7140 | D:8      | Found a transporter.
  7160 | D:8      | Noticed a hornet
  7172 | D:8      | Killed a hornet
  7501 | D:8      | Reached skill level 10 in Earth Magic
  7613 | D:8      | Found a transporter.
  7633 | D:8      | Found a transporter.
  7768 | D:8      | Found a transporter.
  7770 | D:8      | Found a transporter.
  7836 | D:8      | Reached * piety under Vehumet
  7836 | D:8      | Offered knowledge of Foxfire by Vehumet.
  8040 | D:8      | Bought a scroll of blinking for 90 gold pieces
  8040 | D:8      | Bought a scroll of identify for 24 gold pieces
  8040 | D:8      | Bought a scroll of identify for 24 gold pieces
  8040 | D:8      | Bought a scroll of identify for 24 gold pieces
  8040 | D:8      | Bought a scroll of identify for 24 gold pieces
  8040 | D:8      | Bought a scroll of poison for 48 gold pieces
  8040 | D:8      | Bought a scroll of fear for 48 gold pieces
  8111 | D:9      | Noticed Grum
  8410 | D:9      | Found a staircase to the Lair.
  8412 | D:9      | Noticed a troll
  8413 | D:9      | Reached skill level 11 in Earth Magic
  8413 | D:9      | Reached XP level 10. HP: 55/61 MP: 12/19
  8641 | D:9      | Found a white marble altar of Elyvilon.
  8706 | D:9      | Noticed a boulder beetle
  8720 | D:9      | Killed a boulder beetle
  8721 | D:9      | Reached skill level 1 in Fire Magic
  8721 | D:9      | Reached skill level 1 in Poison Magic
  8835 | D:9      | Killed Grum
  9127 | D:9      | Noticed a skeletal warrior
  9127 | D:9      | Noticed a skeletal warrior
  9255 | D:9      | Learned a level 4 spell: Olgreb's Toxic Radiance
  9259 | D:9      | Learned a level 3 spell: Ignite Poison
  9289 | D:10     | Entered Level 10 of the Dungeon
  9309 | D:10     | Noticed a two-headed ogre
  9318 | D:10     | Killed a two-headed ogre
  9445 | D:10     | Noticed a two-headed ogre
  9452 | D:10     | Killed a two-headed ogre
  9453 | D:10     | Reached XP level 11. HP: 50/68 MP: 3/21
  9599 | D:10     | Noticed a two-headed ogre
  9605 | D:10     | Killed a two-headed ogre
  9826 | D:10     | Reached ** piety under Vehumet
  9826 | D:10     | Offered knowledge of Searing Ray by Vehumet.
  9827 | D:10     | Reached skill level 5 in Poison Magic
 10127 | D:10     | Noticed a cyclops
 10426 | D:10     | Found a broken altar of Ashenzari.
 10803 | D:10     | Noticed Maurice
 10839 | D:10     | Killed Maurice
 11006 | Lair:1   | Entered Level 1 of the Lair of Beasts
 11011 | Lair:1   | Offered knowledge of Mephitic Cloud by Vehumet.
 11045 | Lair:1   | Learned a level 3 spell: Mephitic Cloud
 11176 | Lair:1   | Reached skill level 1 in Air Magic
 11181 | Lair:1   | Reached *** piety under Vehumet
 11182 | Lair:1   | Reached skill level 5 in Fire Magic
 11567 | Lair:1   | Reached XP level 12. HP: 76/76 MP: 13/24
 11897 | Lair:1   | Offered knowledge of Iskenderun's Mystic Blast by Vehumet.
 11903 | Lair:1   | Learned a level 4 spell: Iskenderun's Mystic Blast
 12327 | Lair:1   | Reached skill level 10 in Fighting
 12678 | Lair:2   | You fall into a shaft and drop 1 floor!
 12705 | Lair:3   | Reached skill level 1 in Armour
 12800 | Lair:3   | Found a staircase to the Snake Pit.
 12818 | Lair:3   | Reached **** piety under Vehumet
 12819 | Lair:3   | Reached skill level 1 in Shields
 12958 | Lair:2   | Found a shimmering altar of Xom.
 13025 | Lair:2   | Offered knowledge of Flame Wave by Vehumet.
 13061 | Lair:2   | Reached skill level 12 in Earth Magic
 13077 | Lair:2   | Reached XP level 13. HP: 23/82 MP: 16/25
 13316 | Lair:2   | Found a frozen archway.
 13326 | Lair:2   | Identified the +0 scale mail of the Durable God {Contam
                  | Harm rElec}
 13339 | IceCv    | Entered an ice cave
 13592 | IceCv    | Identified the ring "Deghagei" {rElec Str+6 Int+4 Dex-3}
 13631 | IceCv    | Reached ***** piety under Vehumet
 13676 | IceCv    | Offered knowledge of Ozocubu's Refrigeration by Vehumet.
 14383 | IceCv    | Identified the +3 chain mail of the Shining Light {+Inv
                  | rPois rN+++ Int-2}
 14645 | D:2      | Bought a book of the Earth for 396 gold pieces
 14651 | D:2      | Learned a level 5 spell: Lee's Rapid Deconstruction
 15100 | Lair:2   | Found a staircase to the Swamp.
 16337 | Lair:4   | Offered knowledge of Arcjolt by Vehumet.
 16956 | Lair:4   | Learned a level 5 spell: Fireball
 17247 | Lair:4   | Found a runed translucent door.
 17249 | Lair:4   | Found a viscous altar of Jiyva.
 17249 | Lair:4   | Found a staircase to the Slime Pits.
 17249 | Lair:4   | Noticed an acid blob
 17249 | Lair:4   | Noticed an acid blob
 17374 | Lair:5   | Entered Level 5 of the Lair of Beasts
 17640 | Lair:5   | Reached skill level 13 in Earth Magic
 17816 | Lair:5   | Gained mutation: Your large and strong wings let you fly.
                  | [Gargoyle growth]
 17816 | Lair:5   | Reached XP level 14. HP: 88/88 MP: 19/27
 17871 | Lair:5   | Reached skill level 5 in Stealth
 18009 | Lair:5   | Reached skill level 10 in Conjurations
 18882 | Lair:5   | Offered knowledge of Starburst by Vehumet.
 19058 | D:11     | Found a transporter.
 19065 | D:11     | Found a transporter.
 19065 | D:11     | Found a transporter.
 19104 | D:11     | Found a transporter.
 19208 | D:11     | Noticed Snorg
 19214 | D:11     | Killed Snorg
 19879 | D:11     | Found a staircase to the Orcish Mines.
 19883 | D:11     | Identified the +6 war axe "Qozxaf" {spect, rPois rC+ Str+3}
 20038 | Orc:1    | Entered Level 1 of the Orcish Mines
 20047 | Orc:1    | Reached skill level 5 in Armour
 20059 | Orc:1    | Reached skill level 5 in Shields
 20097 | Orc:1    | Found a runed translucent door.
 20100 | Orc:1    | Found the +10 tower shield of Ignorance {rN+ Int-4}
 20212 | Orc:1    | Found a runed translucent door.
 20235 | Orc:1    | Reached skill level 14 in Earth Magic
 20295 | Orc:1    | Found a dark tunnel.
 20304 | Volcano  | Entered a volcano
 20358 | Volcano  | Noticed a stone giant
 20381 | Volcano  | Killed a stone giant
 20789 | Orc:2    | Entered Level 2 of the Orcish Mines
 21135 | Orc:2    | Found a staircase to the Elven Halls.
 21175 | Orc:2    | Reached XP level 15. HP: 76/95 MP: 28/28
 21482 | Orc:2    | Offered knowledge of Freezing Cloud by Vehumet.
 21618 | Orc:2    | Reached skill level 10 in Spellcasting
 21639 | Orc:2    | Found Waudghupn's Assorted Antiques.
 21639 | Orc:2    | Found Sufonub's Book Shop.
 21641 | Orc:2    | Found Ritwo's Magic Scroll Shoppe.
 21641 | Orc:2    | Found Obigh's Assorted Antiques.
 21647 | Orc:2    | Bought a scroll of identify for 50 gold pieces
 21647 | Orc:2    | Bought a bloodstained robe for 142 gold pieces
 21647 | Orc:2    | Identified the +0 robe of the Slorg {Drain Fly rF++ Int-2}
                  | (You bought it in a shop on level 2 of the Orcish Mines)
 21652 | Orc:2    | Bought a scroll labelled VUQYRGHI FE QYU for 27 gold pieces
 21764 | Orc:2    | Acquired a staff of fire
 21879 | D:12     | Noticed Kirke
 21883 | D:11     | Noticed a sphinx
 22041 | D:12     | Noticed Rupert
 22051 | D:12     | Killed Rupert
 22174 | D:12     | Reached skill level 10 in Fire Magic
 22437 | D:12     | Noticed Fannar
 22440 | D:12     | Killed Fannar
 23235 | D:13     | Paralysed by something for 5 turns
 23551 | D:13     | Noticed Sonja
 23553 | D:13     | Killed Sonja
 23578 | D:13     | Found a gate leading to a gauntlet.
 23585 | Gauntlet | Entered a Gauntlet
 23585 | Gauntlet | Found a transporter.
 23585 | Gauntlet | Found a transporter.
 23729 | Gauntlet | Found a transporter.
 23729 | Gauntlet | Found a transporter.
 23739 | Gauntlet | Found a transporter.
 23749 | Gauntlet | Found a transporter.
 23749 | Gauntlet | Found a transporter.
 23761 | Gauntlet | Found a transporter.
 23812 | Gauntlet | Found a transporter.
 23864 | Gauntlet | Found a transporter.
 23900 | Gauntlet | Found a transporter.
 23940 | Gauntlet | Found a transporter.
 23995 | Gauntlet | Identified the +2 hat "Booruffo" {Str+2 Dex+4}
 24269 | D:13     | Paralysed by an ogre mage for 3 turns
 24270 | D:13     | Noticed a fire giant
 24277 | D:13     | Killed a fire giant
 24281 | D:13     | Reached skill level 15 in Earth Magic
 24467 | D:13     | Noticed a storm dragon
 24478 | D:13     | Killed a storm dragon
 24481 | D:13     | Noticed Erolcha
 24485 | D:13     | Noticed Lodul
 24488 | D:13     | Killed Erolcha
 24489 | D:13     | Killed Lodul
 25412 | D:14     | Noticed Nessos
 25414 | D:14     | Reached XP level 16. HP: 90/101 MP: 13/30
 25417 | D:14     | Killed Nessos
 25443 | D:14     | Identified the +0 robe of Motifouff {rC- Will++ Dex+4}
 25691 | D:14     | Offered knowledge of Conjure Ball Lightning by Vehumet.
 25757 | D:14     | Learned a level 8 spell: Ignition
 26033 | D:14     | Found a gate to the Vaults.
 26129 | D:14     | Found a stormy altar of Qazlal.
 26370 | Snake:1  | Entered Level 1 of the Snake Pit
 26789 | Snake:1  | Identified the serpent talisman of Botauzow {rCorr Str+3
                  | Slay-6 SInv}
 26789 | Snake:1  | Noticed Aizul
 26801 | Snake:1  | Killed Aizul
 27300 | Snake:1  | Noticed Frances
 27319 | Snake:1  | Killed Frances
 27814 | Snake:1  | Noticed Donald
 27823 | Snake:1  | Killed Donald
 27995 | Snake:2  | Noticed a nagaraja
 28000 | Snake:2  | Killed a nagaraja
 28027 | Snake:2  | Noticed Louise
 28043 | Snake:2  | Killed Louise
 28152 | Snake:2  | Noticed Jorgrun
 28159 | Snake:2  | Killed Jorgrun
 28578 | Snake:2  | Found Meycw's Magic Scroll Shoppe.
 28584 | Snake:2  | Bought a scroll of teleportation for 42 gold pieces
 28584 | Snake:2  | Bought a scroll of blinking for 105 gold pieces
 28584 | Snake:2  | Bought a scroll of fog for 56 gold pieces
 28584 | Snake:2  | Bought a scroll of fear for 56 gold pieces
 28584 | Snake:2  | Bought a scroll of fog for 56 gold pieces
 28584 | Snake:2  | Bought a scroll of blinking for 105 gold pieces
 28832 | Snake:2  | Reached XP level 17. HP: 107/107 MP: 31/31
 28832 | Snake:2  | Saving game... please wait.
 28880 | Snake:2  | Killed from afar by a salamander tyrant

Illustrated notes

Levels and vault maps discovered:
D:1:      lightli_iron_boxes, layout_basic
D:2:      layout_loops_cross, serial_shops, shop, nicolae_shop_hallway_plus
D:3:      layout_loops_ring, xom_butterflies, serial_shops,
          nicolae_shop_peninsula, shapermc_ecumenical_altar_acropolis,
          minmay_misc_feat_secret_circle
D:4:      layout_gridville, uniq_robin, uniq_sigmund, uniq_crazy_yiuf_cottage,
          uniq_edmund, uniq_natasha
D:5:      layout_gridville, minmay_temple_entry_sparse_star, ebering_ghost_gozag
D:6:      nicolae_BIG_FREAKIN_CUBE, layout_gridville, minmay_circle_x
D:7:      layout_loops_ring, serial_bayou, serial_bayou_pond_c,
          serial_bayou_lake_a, serial_bayou_shore_a, serial_bayou_shore_b,
          minivault_5, hangedman_decor_growths
D:8:      layout_loops_ring, chequers_temple_overflow_statue_of_worship,
          serial_shops, nicolae_shop_peninsula, serial_nicolae_subway,
          nicolae_sub_station_stone, nicolae_sub_station_crystal,
          nicolae_sub_station_metal
D:9:      layout_rooms, elyvilon_altar_1, erik_lair_island,
          minmay_misc_feat_diagonals, uniq_grum
D:10:     kennysheep_ambush_hall, layout_stronghold,
          nicolae_overflow_hidden_temple, uniq_maurice
D:11:     layout_basic, hiddenorc1_lemuel, nicolae_transporter_circle,
          uniq_snorg
D:12:     layout_stronghold, uniq_rupert, uniq_kirke, uniq_fannar
D:13:     minmay_chopped_fan, layout_loops_corners, gauntlet_entry_generic,
          uniq_lodul, uniq_erolcha, uniq_sonja
D:14:     layout_basic, erik_vaults_2, nicolae_qazlal_style_of_elements,
          uniq_nessos
Temple:   nicolae_temple_bog_church
Lair:1:   beast_lair_carwin_large_1, layout_regular_city, evilmike_ambush
          [evilmike_ambush_outer_corners, evilmike_ambush_inner_pond],
          lemuel_fruit_tree
Lair:2:   layout_roguey, mainiacjoe_swamp_entry_lozenge_pond,
          portal_ice_cave_rime, basic_altar
Lair:3:   layout_cellular_growth, guppyfry_snake_entry_island,
          lemuel_fruit_fields
Lair:4:   statuecave_lemuel, layout_loops_ring, slime_entry_2,
          minmay_lair_drake_nest, infiniplex_staircase_pool
Lair:5:   grunt_lair_end_beastmaster, layout_cave_pods,
          grunt_forest_large_clearings
Snake:1:  layout_chambers, uniq_aizul, uniq_donald, uniq_frances
Snake:2:  layout_basic, serial_shops, shop_scrolls, uniq_jorgrun, uniq_louise
Orc:1:    layout_diamond_mine, nicolae_volcano_entry_batcave,
          chequers_guarded_unrand_ignorance
Orc:2:    grunt_orc_tribal_feast, layout_diamond_mine, mines1_david

Skill      XL: |  1  2  3  4  5  6  7  8  9 10 11 12 13 14 15 16 |
---------------+-------------------------------------------------+-----
Earth Magic    | 4 5 6 7 9 11 12 13 14 15 | 15.7
Conjurations   | 1 2 3 4 5 6 7 8 9 10 11 | 11.9
Fighting       | 1 2 3 4 5 6 7 9 10 11 12 | 12.3
Spellcasting   | 3 4 6 7 8 9 10 | 10.6
Fire Magic     | 3 5 6 8 9 10 14 | 14.6
Poison Magic   | 4 6 7 |  7.7
Air Magic      | 1 3 |  3.3
Armour         | 1 3 5 6 7 |  7.2
Shields        | 1 3 5 6 7 |  7.0
Stealth        | 3 4 6 7 |  7.9
Dodging        | |  1.5
Transmutations | |  0.7

Action                     |  1- 3 |  4- 6 |  7- 9 | 10-12 | 13-15 | 16-18 || total
---------------------------+-------+-------+-------+-------+-------+-------++-------
  Melee: Unarmed           |    29 |       |       |       |       |       ||    29
         Dagger            |    54 |    79 |   251 |   255 |   119 |       ||   758
         Punch             |       |     2 |     2 |     6 |       |       ||    10
         Staff             |       |       |       |       |   157 |    34 ||   191
   Cast: Sandblast         |    29 |    23 |    59 |    22 |    44 |    41 ||   218
         Stone Arrow       |       |     3 |    38 |    44 |   270 |    78 ||   433
         Olgreb's Toxic Ra |       |       |       |    43 |    77 |    14 ||   134
         Ignite Poison     |       |       |       |    34 |    93 |    21 ||   148
         Mephitic Cloud    |       |       |       |     7 |    25 |    17 ||    49
         Iskenderun's Myst |       |       |       |     2 |     1 |       ||     3
         Lee's Rapid Decon |       |       |       |       |    47 |    32 ||    79
         Fireball          |       |       |       |       |    54 |    47 ||   101
         Ignition          |       |       |       |       |       |     4 ||     4
  Evoke: Wand              |       |       |       |     2 |       |       ||     2
         Lightning rod     |       |       |       |       |       |     4 ||     4
         Phial of floods   |       |       |       |       |       |     1 ||     1
    Use: Scroll            |       |       |    15 |     3 |    15 |       ||    33
         Potion            |       |       |       |       |     2 |     2 ||     4
   Stab: Sleeping          |     1 |     3 |       |     1 |     1 |       ||     6
         Distracted        |       |       |     1 |       |       |       ||     1
         Invisible         |       |       |       |     2 |       |       ||     2
         Confused          |       |       |       |       |       |     3 ||     3
 Armour: Robe              |    55 |    51 |    25 |       |   127 |   126 ||   384
         Ring mail         |       |       |   194 |   234 |   235 |       ||   663
         Chain mail        |       |       |       |       |    68 |       ||    68
  Dodge: Dodged            |    64 |    36 |   302 |   270 |   382 |    86 ||  1140
  Block: Buckler           |       |       |       |       |   134 |    41 ||   175

Table legend: (Time is in decaauts)
 A = Elapsed time spent in this place.
 B = Non-inter-level travel time spent in this place.
 C = Inter-level travel time spent in this place.
 D = Time resting spent in this place.
 E = Time spent auto-exploring this place.
 F = Levels seen in this place.
 G = Mean time per level.
                   A        B        C        D        E       F      G
               +--------+--------+--------+--------+--------+-----+--------+
         Total |  29158 |  27163 |   1995 |   2560 |  19196 |  27 | 1079.9 |
       Dungeon |  16494 |  15134 |   1360 |   1214 |  11181 |  14 | 1178.1 |
        Temple |     20 |      2 |     18 |      0 |      0 |   1 |   20.0 |
          Lair |   6628 |   6325 |    303 |    511 |   4740 |   5 | 1325.6 |
     Snake Pit |   2536 |   2464 |     72 |    430 |   1559 |   2 | 1268.0 |
  Orcish Mines |   1460 |   1219 |    241 |    112 |    714 |   2 |  730.0 |
      Ice Cave |   1101 |   1101 |      0 |    195 |    572 |   1 | 1101.0 |
       Volcano |    356 |    356 |      0 |     71 |    125 |   1 |  356.0 |
      Gauntlet |    561 |    561 |      0 |     27 |    304 |   1 |  561.0 |
               +--------+--------+--------+--------+--------+-----+--------+

Top non-repeatable levels by time:
 Snake:1: 1818 daAuts
    D:10: 1758 daAuts
  Lair:1: 1701 daAuts
    D:13: 1635 daAuts
     D:8: 1488 daAuts
     D:4: 1418 daAuts
  Lair:5: 1348 daAuts
  Lair:4: 1328 daAuts
    D:12: 1250 daAuts
    D:11: 1186 daAuts
     D:7: 1159 daAuts
  Lair:2: 1151 daAuts
   IceCv: 1101 daAuts
  Lair:3: 1097 daAuts
     D:6: 1087 daAuts
